Map: Podwodny Świat ER

Players

Angry - Winner!

  • Race: Terran Terran
  • League: Master
  • Spawn Location: 5:00

SommY

  • Race: Terran Terran
  • League: Master
  • Spawn Location: 11:00

VOD

Have the link to the VOD?

Description

Time

  • Played on: March 25, 2021, 12:59 p.m.
  • Length: 15:13
Show
View Real Time Build Order
Export as new Build Order

Angry Terran - Winner!

Build Orders:  

Get SALT Encoding   

  12  0:00  SCV  
  13  0:12  SCV  
  14  0:17  Supply Depot  
  14  0:24  SCV  
  15  0:38  SCV  
  15  0:40  Barracks  
  16  0:43  Refinery  
  16  0:50  SCV  
  16  0:53  Refinery  
  17  1:03  SCV  
  18  1:15  SCV  
  19  1:26  Reaper  
  19  1:27  Orbital Command  
  19  1:28  Supply Depot  
  19  1:52  SCV  
  20  2:00  Reaper  
  21  2:04  Factory  
  21  2:06  SCV  
  22  2:18  SCV  
  23  2:31  SCV  
  23  2:34  Reaper  
  25  2:38  Command Center  
  25  2:43  SCV  
  26  2:47  Hellion  
  28  2:53  Supply Depot  
  28  2:55  SCV  
  29  2:59  Starport  
  29  3:09  Hellion  
  31  3:15  Reaper  
  31  3:19  SCV  
  35  3:35  SCV  
  35  3:39  Starport Tech Lab  
  35  3:40  Fusion Core  
  36  3:48  Factory Tech Lab  
  34  3:50  SCV  
  34  3:52  Orbital Command  
  34  3:55  Refinery  
  35  4:02  SCV  
  36  4:14  SCV  
  35  4:21  Cyclone  
  35  4:23  SCV  
  39  4:27  SCV  
  39  4:28  Battlecruiser  
  46  4:35  Refinery, SCV  
  46  4:36  Supply Depot  
  46  4:38  Supply Depot  
  47  4:39  SCV  
  48  4:47  SCV  
  48  4:51  SCV  
  50  4:56  Command Center  
  50  5:00  Refinery, SCV  
  50  5:05  Cyclone  
  54  5:09  Mag-Field Accelerator  
  54  5:13  SCV  
  55  5:14  SCV  
  56  5:25  SCV  
  56  5:26  SCV  
  58  5:36  Battlecruiser  
  58  5:37  SCV  
  58  5:40  SCV  
  66  5:45  Supply Depot  
  66  5:49  SCV  
  67  5:50  Weapon Refit  
  67  5:52  SCV  
  67  5:55  Supply Depot  
  68  6:02  SCV  
  69  6:04  SCV  
  69  6:17  Cyclone  
  69  6:18  SCV x2, Orbital Command  
  72  6:30  SCV x2  
  74  6:40  Battlecruiser  
  80  6:49  SCV  
  80  6:51  Cyclone  
  77  6:55  Factory  
  77  6:56  Factory, SCV  
  76  7:02  Orbital Command  
  76  7:09  SCV  
  76  7:11  Barracks Reactor  
  78  7:15  SCV  
  78  7:16  Armory x2  
  78  7:20  Refinery  
  78  7:21  SCV  
  79  7:23  Cyclone, Refinery  
  79  7:26  Supply Depot  
  79  7:27  SCV, Engineering Bay  
  83  7:32  SCV  
  83  7:33  SCV  
  85  7:39  SCV  
  85  7:44  SCV  
  87  7:54  Factory  
  87  7:56  Starport Reactor  
  87  7:58  SCV  
  88  7:59  Factory  
  88  8:04  Siege Tank  
  91  8:06  Terran Vehicle Weapons Level 1  
  91  8:08  Terran Vehicle And Ship Armor Level 1  
  91  8:11  SCV x2  
  91  8:12  SCV  
  94  8:20  Siege Tank  
  94  8:23  SCV x2  
  94  8:24  SCV  
  100  8:28  Command Center  
  100  8:35  Viking, Hellion x2, SCV x2  
  100  8:36  SCV  
  100  8:40  Factory Reactor  
  109  8:42  Supply Depot  
  109  8:43  Supply Depot  
  109  8:44  Supply Depot  
  109  8:45  Viking  
  111  8:56  Siege Tank x2  
  111  8:58  Factory Tech Lab  
  117  9:05  Viking  
  117  9:07  SCV  
  120  9:15  Viking  
  116  9:19  Hellion x4, Infernal Pre-Igniter  
  124  9:25  Sensor Tower  
  124  9:35  Siege Tank x2  
  124  9:36  Siege Tank  
  124  9:37  Viking  
  125  9:57  Viking, Hellion x4  
  125  9:58  SCV  
  125  9:59  Planetary Fortress  
  136  10:03  Sensor Tower  
  136  10:04  Refinery  
  136  10:07  Viking  
  122  10:22  Siege Tank  
  122  10:23  Hellion x2  
  122  10:25  Refinery, Hellion x2, Siege Tank x2  
  134  10:38  Terran Vehicle Weapons Level 2  
  134  10:40  Missile Turret  
  134  10:41  Missile Turret, Command Center  
  134  10:51  Hellion x4  
  142  10:58  Viking x2  
  142  11:00  Terran Vehicle And Ship Armor Level 2  
  142  11:02  Smart Servos  
  146  11:14  Siege Tank x3  
  146  11:15  Missile Turret  
  155  11:23  Supply Depot x2  
  155  11:24  Supply Depot  
  155  11:25  Supply Depot  
  155  11:40  Command Center  
  155  11:41  Command Center  
  155  11:45  Viking x2  
  159  11:53  Sensor Tower  
  159  11:54  Thor x2  
  159  11:55  Siege Tank  
  159  11:56  Hellion x3  
  180  12:04  Planetary Fortress  
  180  12:14  Refinery  
  180  12:16  Viking x2  
  180  12:18  Hellion x3  
  180  12:20  Hellion  
  192  12:27  Siege Tank  
  195  12:39  Siege Tank  
  182  13:09  Neosteel Armor, Orbital Command  
  182  13:10  Orbital Command  
  182  13:17  Viking  
  182  13:18  Viking, Thor x2  
  182  13:56  Thor  
  182  14:01  Command Center  
  188  14:03  Command Center  
  188  14:04  Command Center  
  188  14:12  Starport  
  188  14:14  Starport  
  188  14:23  Thor  
  194  14:36  Siege Tank  
  183  14:39  Siege Tank  
  183  14:42  Hellion x4  
Show
View Real Time Build Order
Export as new Build Order

SommY Terran 

Build Orders: Gas First Reaper Expand 

Get SALT Encoding   

  12  0:00  SCV  
  13  0:12  SCV  
  14  0:17  Supply Depot  
  14  0:24  SCV  
  15  0:29  Refinery  
  15  0:38  SCV  
  16  0:44  Barracks  
  16  0:52  SCV  
  17  1:04  SCV  
  18  1:16  SCV  
  19  1:31  Orbital Command  
  19  1:32  Reaper  
  20  1:45  Command Center  
  20  1:57  Factory  
  20  2:03  SCV  
  21  2:10  Barracks Reactor  
  21  2:15  SCV  
  21  2:18  Supply Depot  
  22  2:27  SCV  
  23  2:30  Refinery  
  23  2:40  SCV  
  23  2:41  Hellion  
  26  2:47  Marine x2  
  26  2:51  Starport  
  28  2:53  SCV  
  29  2:59  Orbital Command  
  29  3:03  Factory Tech Lab  
  29  3:05  Marine  
  30  3:06  SCV  
  31  3:15  Marine  
  31  3:18  SCV  
  33  3:22  Cyclone  
  33  3:25  SCV  
  37  3:28  Starport Tech Lab  
  37  3:31  Supply Depot  
  37  3:33  Marine  
  38  3:36  SCV  
  38  3:39  SCV  
  40  3:44  Marine  
  40  3:48  SCV  
  41  3:51  Refinery, Marine  
  41  3:53  Bunker  
  42  3:56  Raven  
  42  4:00  SCV  
  45  4:04  Supply Depot  
  45  4:05  Marine  
  44  4:13  SCV  
  45  4:22  Marine, SCV, Siege Tank  
  50  4:27  SCV, Bunker  
  51  4:35  SCV  
  53  4:39  Supply Depot, SCV  
  53  4:48  SCV  
  53  4:50  Barracks  
  53  4:51  Barracks  
  53  4:52  SCV  
  55  4:56  Starport Reactor  
  55  4:57  Stimpack  
  55  5:01  SCV  
  55  5:04  SCV, Siege Tank  
  60  5:11  Supply Depot  
  60  5:13  SCV  
  61  5:14  Marine  
  61  5:16  SCV  
  61  5:21  Supply Depot  
  63  5:25  SCV  
  63  5:28  SCV  
  65  5:36  Siege Tank  
  65  5:37  Viking x2, SCV  
  65  5:38  Barracks Reactor  
  65  5:40  SCV  
  74  5:43  Refinery, Marine  
  74  5:47  Supply Depot  
  74  5:48  Marine x2  
  74  5:49  SCV  
  78  5:52  SCV  
  77  6:07  Command Center  
  77  6:12  Viking x2  
  77  6:14  SCV  
  77  6:15  SCV  
  80  6:20  Marine x2  
  80  6:21  Marine x2  
  84  6:26  SCV  
  84  6:31  SCV  
  85  6:40  SCV  
  86  6:50  SCV  
  86  6:52  Marine x2  
  86  6:54  SCV  
  85  6:56  Marine x2  
  85  6:59  Viking, Marine  
  88  7:02  SCV  
  88  7:06  SCV  
  88  7:07  Combat Shield, Engineering Bay  
  90  7:08  Engineering Bay  
  90  7:10  Marine  
  90  7:14  SCV  
  92  7:18  SCV  
  93  7:24  Barracks  
  93  7:25  Barracks  
  93  7:26  Marine  
  94  7:31  SCV x2  
  94  7:35  Terran Infantry Weapons Level 1  
  94  7:36  Terran Infantry Armor Level 1  
  96  7:40  Orbital Command  
  96  7:43  SCV x2  
  98  7:50  Missile Turret  
  98  7:52  Missile Turret x2  
  98  7:55  SCV  
  98  7:56  Missile Turret, Marine  
  98  7:57  Marine  
  101  7:59  SCV  
  101  8:01  Medivac  
  104  8:06  SCV, Siege Tank  
  104  8:07  SCV  
  104  8:08  Marine  
  104  8:12  Barracks Tech Lab x2  
  110  8:18  Armory  
  110  8:19  Missile Turret, SCV  
  111  8:25  SCV, Concussive Shells  
  112  8:27  Marine, Marauder  
  112  8:30  SCV  
  112  8:32  Marauder x2  
  112  8:33  Medivac  
  116  8:37  Marine  
  116  8:38  Supply Depot  
  114  8:46  Refinery, Marine  
  114  8:47  Sensor Tower  
  114  8:48  Refinery  
  115  8:49  Marauder  
  117  8:57  Medivac, Supply Depot x2, Marine, Marauder x2  
  117  8:58  SCV  
  117  9:00  SCV  
  126  9:05  Supply Depot  
  126  9:07  Supply Depot  
  126  9:10  Marauder  
  126  9:14  Marine  
  129  9:18  Marine, Marauder x2  
  129  9:19  Medivac  
  129  9:23  Supply Depot  
  136  9:24  Supply Depot  
  136  9:27  Command Center  
  135  9:31  Marauder  
  135  9:35  Marine  
  135  9:38  Marine  
  136  9:39  Medivac  
  136  9:40  Marauder x2  
  136  9:44  SCV  
  144  9:49  Marine  
  144  9:51  Marine  
  141  9:53  Marine, Marauder  
  141  9:56  Siege Tank  
  141  9:57  Marine  
  145  10:01  Marauder x2  
  145  10:03  Supply Depot x2  
  145  10:04  Supply Depot  
  149  10:08  Marine  
  149  10:09  SCV  
  145  10:14  Marauder  
  145  10:20  Marine  
  120  10:23  Marine x2, Marauder x2  
  120  10:24  SCV  
  115  10:30  Viking x2  
  115  10:31  Marine  
  120  10:36  Marauder  
  120  10:39  Marine  
  123  10:44  Command Center, Marauder x2  
  123  10:47  Marine  
  130  10:57  Marauder  
  130  11:00  Marine, Sensor Tower  
  131  11:04  Sensor Tower  
  131  11:05  Marauder x2  
  131  11:08  Orbital Command  
  131  11:10  Marine  
  136  11:15  Medivac x2  
  136  11:17  Marine  
  143  11:18  Marine, Marauder  
  144  11:26  Marine  
  144  11:27  Marauder  
  144  11:29  Missile Turret  
  147  11:33  Missile Turret  
  147  11:34  Marine  
  147  11:35  Marauder  
  150  11:41  SCV x3  
  150  11:45  Viking  
  150  11:46  Terran Infantry Weapons Level 2  
  155  11:51  Terran Infantry Armor Level 2  
  155  11:53  SCV x2  
  157  11:56  Marine  
  157  11:57  Marauder  
  157  12:00  Terran Vehicle And Ship Armor Level 1  
  160  12:01  Orbital Command  
  160  12:07  Marauder  
  162  12:13  Viking, Starport  
  162  12:14  Marine, Starport, Marauder  
  167  12:19  Refinery  
  167  12:20  Refinery  
  167  12:28  Marauder  
  169  12:31  Marauder  
  169  12:35  Marauder  
  173  12:47  Viking x2  
  173  12:49  Marauder  
  177  12:53  Marauder  
  177  12:54  Starport Tech Lab x2  
  177  12:56  Marauder  
  178  13:00  Marine  
  178  13:03  Marine  
  169  13:11  Marauder  
  171  13:14  Marauder  
  171  13:17  Raven x2, Corvid Reactor  
  171  13:18  Viking x2, Marauder  
  171  13:19  Command Center  
  183  13:20  Marine  
  184  13:32  Marauder  
  186  13:36  Marauder  
  186  13:37  Marine  
  186  13:39  Marauder  
  185  13:45  Reaper, Marine  
  179  13:51  Marine  
  179  13:53  Marauder  
  148  13:57  Viking x2, Marauder  
  148  13:59  Raven  
  148  14:01  Marauder  
  148  14:02  Raven  
  149  14:03  Marine  
  150  14:13  Marine  
  150  14:15  Marauder  
  153  14:17  Marine  
  153  14:18  Marauder  
  153  14:22  Marauder  
  152  14:24  Marine  
  146  14:36  Marauder  
  135  14:40  Marauder  
  135  14:42  Marine  
  135  14:43  Marauder  
Tags
 
Add a new tag
Caveats
  • Supply blocks, unpowered buildings, or Contaminate may cause inaccurate times.
  • Supply counts are checked every 10 seconds.